Map: Orbital Shipyard

Players

CynicalNerd

  • Race: Terran Terran
  • Spawn Location: 7:00

StarInsomnia - Winner!

  • Race: Zerg Zerg
  • Spawn Location: 1:00

VOD

Have the link to the VOD?

Description

Time

  • Played on: Nov. 9, 2015, 6:48 p.m.
  • Length: 4:14
Show
View Real Time Build Order
Export as new Build Order

CynicalNerd Terran 

Build Orders:  

Get SALT Encoding   

  12  0:03  SCV  
  13  0:19  SCV  
  13  0:21  Supply Depot  
  14  0:31  SCV  
  15  0:44  Barracks  
  15  0:47  SCV  
  15  0:48  Refinery  
  16  0:59  SCV  
  17  1:07  Supply Depot  
  17  1:15  SCV  
  19  1:38  Orbital Command  
  19  1:39  Refinery  
  18  1:40  Marine  
  19  1:57  Marine  
  19  1:58  Barracks  
  19  2:09  SCV  
  19  2:15  Marine  
  20  2:18  Factory  
  21  2:33  Marine  
  22  2:40  SCV  
  22  2:43  Command Center  
  23  2:52  Barracks Reactor  
  23  2:58  Barracks Tech Lab  
  23  3:00  SCV  
  24  3:09  Engineering Bay  
  24  3:12  SCV  
  25  3:24  SCV  
  25  3:25  Factory Tech Lab  
  26  3:35  Marine  
  26  3:36  SCV  
  26  3:39  Marine  
  31  3:55  SCV  
Show
View Real Time Build Order
Export as new Build Order

StarInsomnia Zerg - Winner!

Build Orders: Pool First 

Get SALT Encoding   

  12  0:01  Drone  
  13  0:10  Drone  
  14  0:17  Extractor  
  14  0:19  Overlord  
  13  0:26  Drone  
  14  0:41  Spawning Pool  
  13  0:45  Drone  
  15  0:50  Drone  
  15  0:55  Drone  
  16  0:59  Drone  
  17  1:09  Evolution Chamber  
  16  1:12  Drone  
  17  1:20  Overlord  
  17  1:29  Metabolic Boost  
  17  1:33  Zergling x2  
  18  1:41  Zergling x2  
  18  1:46  Queen  
  21  1:55  Zergling x2  
  22  2:05  Zergling x2  
  23  2:13  Zergling x2  
  24  2:23  Zergling x2  
  25  2:34  Overlord  
  25  2:43  Zergling x2  
  26  2:56  Zergling x6  
  26  2:57  Zergling x2  
  30  3:09  Overlord  
  30  3:13  Hatchery  
  30  3:19  Zergling x2  
  30  3:30  Zergling x6  
  33  3:39  Zergling x2  
  34  3:47  Zergling x2  
  33  3:54  Zergling x2  
Tags
 
Matchup
TvZ
Opening
Pool First
Spawn Locations
Cross Positions
Add a new tag
Caveats
  • Supply blocks, unpowered buildings, or Contaminate may cause inaccurate times.
  • Supply counts are checked every 10 seconds.